 Dungeon Crawl Stone Soup version 0.29.1-15-g9cfb28693d (webtiles) character file.

Game seed: 6095156540857225220

1 leafyfresh the Sneak (level 1, -2/16 HPs)
             Began as an Octopode Delver on Mar 4, 2023.
             Slain by an orc
             ... wielding a +0 flail
              (6 damage)
             ... on level 5 of the Dungeon.
             The game lasted 00:00:25 (125 turns).

leafyfresh the Sneak (Octopode Delver)               Turns: 125, Time: 00:00:26

Health: -2/16      AC:  1    Str: 11    XL:     1   Next: 20%
Magic:  1/1        EV: 13    Int: 12    God:
Gold:   17         SH:  0    Dex: 13    Spells: 0/0 levels left

rFire   . . .      SeeInvis .   a - +0 short sword
rCold   . . .      Faith    .   (no shield)
rNeg    . . .      Spirit   .   (helmet restricted)
rPois   .          Reflect  .   (no amulet)
rElec   .          Harm     .   (no ring)
rCorr   .          Rampage  .   (no ring)
Will    .....                   (no ring)
Stlth   ++++......              (no ring)
HPRegen 0.05/turn               (no ring)
MPRegen 0.07/turn               (no ring)
                                (no ring)
                                (no ring)

@: no status effects
A: almost no armour, amphibious, 8 rings, camouflage 1, gelatinous body 1,
(nimble swimmer 1), tentacles
a: no special abilities


You were on level 5 of the Dungeon.
You visited 1 branch of the dungeon, and saw 2 of its levels.

You collected 17 gold pieces.

Inventory:

Hand Weapons
 a - a +0 short sword (weapon)
Jewellery
 d - an amulet of the acrobat
Wands
 f - a wand of digging (3)
Scrolls
 b - a scroll of fog
 c - a scroll of magic mapping
Potions
 e - a potion of haste
 g - 2 potions of curing {unknown}


   Skills:
 + Level 3.0 Fighting
 - Level 2.0 Short Blades
 + Level 2.0 Dodging
 + Level 6.6 Stealth


You couldn't memorise any spells.
You didn't know any spells.
Your spell library was empty.

Dungeon Overview and Level Annotations

Branches:
Dungeon (5/15)
 Temple: D:4-7

Altars:


Innate Abilities, Weirdness & Mutations

You cannot wear most types of armour.
You are amphibious.
You can wear up to eight rings at the same time.
Your skin changes colour to match your surroundings (Stealth+).
Your rubbery body absorbs attacks. (AC +1, EV +1)
((You are camouflaged when in or above water. (Stealth+)))
You have tentacles for arms and can constrict up to eight enemies at once.


Message History

There is a stone staircase leading down here.
As you read the scroll of fear, it crumbles to dust.
You assume a fearsome visage.
The orc looks frightened! x2
The orc priest looks frightened!
The orc looks frightened! x3
The scorpion looks frightened!
The hobgoblin looks frightened!
The orc looks frightened!
The orc shouts!
The orc looks frightened!
The orc priest looks frightened!
The orc looks frightened! x2
The orc tries to recover its lost courage.
Unknown command.
The orc weeps quietly.
Cornered, the orc turns to fight!
You see here an amulet of the acrobat.
d - an amulet of the acrobat Cornered, the orc priest turns to fight!
Cornered, the orc turns to fight!
The orc priest calls down the wrath of Beogh upon you.
Beogh smites you!
Ouch! That really hurt!
* * * LOW HITPOINT WARNING * * *
Cornered, the orc turns to fight!
An orc opens the door.
A scorpion comes into view.
There is a stone staircase leading down here.
The orc completely misses you.
You climb downwards.
There is a stone staircase leading up here.
You hit the orc. Your grab misses the orc.
The orc is lightly wounded.
The orc closely misses you.
You closely miss the orc. You grab the orc.
The orc is lightly wounded.
You constrict the orc, but do no damage.
The orc barely misses you.
You hit the orc.
You tentacle-slap the orc, but do no damage.
The orc is severely wounded.
You constrict the orc, but do no damage.
The orc hits you with a +0 flail.
You die...

###.......###.##
#.........# .#
#####.###.# .
#...#.# ##
###.#.# #.#.#
#.#.# #.#.#
#@#.. #o### ###


You could see an orc.

Vanquished Creatures
  A jackal (D:5)
1 creature vanquished.

Notes
Turn   | Place    | Note
-------+----------+-------------------------------------------
     0 | D:5      | leafyfresh the Octopode Delver began the quest for the Orb.
     0 | D:5      | Reached XP level 1. HP: 16/16 MP: 1/1
   110 | D:4      | Noticed an orc priest
   110 | D:4      | Noticed a scorpion
   110 | D:4      | Noticed an orc priest
   120 | D:4      | Noticed a scorpion
   125 | D:5      | Slain by an orc

Illustrated notes

Levels and vault maps discovered:
D:4:      layout_basic, mainiacjoe_overflow_alcove_2,
          chequers_temple_overflow_statue_of_worship, temple_green, uniq_robin,
          uniq_ijyb
D:5:      layout_basic, mainiacjoe_overflow_small_starburst,
          nicolae_wu_jian_immortal_techniques, serial_shops,
          nicolae_stop_n_shop_2, hangedman_decor_peaks_small, sigmund_army

Action                   || total
-------------------------++-------
Melee: Short sword       ||     6
       Constrict         ||     2
       Punch             ||     1
       Tentacles         ||     1
  Use: Scroll            ||     1
Armor: Skin              ||     1
Dodge: Dodged            ||     5
